Map: Selva profunda EE

Players

MrFercho

  • Race: Zerg Zerg
  • League: Gold
  • Spawn Location: 7:00

tigro

  • Race: Terran Terran
  • League: Bronze
  • Spawn Location: 7:00

TATORREA

  • Race: Protoss Protoss
  • League: Gold
  • Spawn Location: 7:00

Nidoking

  • Race: Terran Terran
  • League: Platinum
  • Spawn Location: 3:00

PigeonLeader

  • Race: Protoss Protoss
  • Spawn Location: 1:00

KodalyViking

  • Race: Terran Terran
  • League: Platinum
  • Spawn Location: 1:00

VOD

Have the link to the VOD?

Description

Time

  • Played on: Aug. 7, 2020, 9:46 p.m.
  • Length: 16:48
Show
View Real Time Build Order
Export as new Build Order

MrFercho Zerg 

Build Orders: Hatch First 

Get SALT Encoding   

  12  0:03  Drone  
  13  0:12  Overlord  
  13  0:17  Drone  
  14  0:30  Drone x2  
  16  0:54  Hatchery  
  16  0:55  Drone  
  16  0:56  Drone  
  17  1:00  Drone  
  18  1:16  Extractor  
  17  1:21  Spawning Pool  
  17  1:24  Drone  
  17  1:27  Overlord  
  17  1:45  Drone  
  17  1:47  Drone  
  19  2:01  Drone  
  20  2:09  Queen x2  
  20  2:10  Drone x2  
  20  2:14  Zergling x2  
  27  2:42  Drone x5  
  32  2:50  Drone  
  33  3:04  Roach Warren  
  33  3:05  Drone x3  
  35  3:06  Extractor  
  35  3:07  Extractor  
  35  3:09  Overlord  
  33  3:21  Evolution Chamber  
  32  3:33  Drone x3  
  35  3:34  Drone x3  
  35  3:38  Overlord  
  35  3:40  Overlord  
  38  3:42  Drone  
  38  3:43  Drone  
  38  3:46  Lair  
  40  3:55  Roach  
  42  3:59  Zerg Missile Weapons Level 1  
  42  4:02  Roach x3  
  48  4:36  Overlord  
  48  4:51  Drone  
  48  4:52  Drone x5  
  54  4:54  Spore Crawler  
  54  4:56  Overseer  
  53  5:05  Roach x6  
  65  5:12  Drone  
  66  5:28  Roach  
  68  5:29  Overlord  
  68  5:30  Overlord  
  68  5:32  Hatchery  
  67  5:38  Hydralisk Den  
  66  5:44  Spore Crawler, Evolution Chamber, Drone x3  
  66  5:46  Drone  
  66  5:47  Overlord  
  68  5:51  Extractor  
  67  6:03  Zerg Missile Weapons Level 2  
  67  6:08  Muscular Augments  
  67  6:13  Overlord x2  
  67  6:44  Roach  
  67  6:45  Roach x11  
  91  6:49  Glial Reconstitution  
  91  7:02  Queen  
  91  7:04  Drone  
  91  7:05  Drone x9  
  102  7:19  Grooved Spines  
  102  7:23  Lurker Den  
  102  7:29  Infestation Pit  
  101  7:30  Drone x3  
  101  7:31  Drone x2  
  101  7:32  Spawning Pool  
  104  7:40  Hatchery  
  104  7:44  Drone x7  
  105  7:47  Extractor  
  105  7:50  Extractor  
  108  7:52  Hydralisk  
  108  7:53  Hydralisk  
  112  8:08  Zerg Ground Armor Level 1  
  112  8:12  Hive  
  112  8:21  Overlord x3  
  112  8:23  Overlord  
  112  8:39  Hatchery  
  111  8:42  Overseer  
  103  9:08  Drone x3  
  103  9:09  Drone  
  104  9:10  Drone x3  
  101  9:34  Drone x4  
  101  9:35  Drone x2  
  107  10:29  Seismic Spines  
  107  10:34  Hydralisk x15  
  107  10:35  Hydralisk x8  
  149  10:36  Spire  
  149  10:41  Overseer x3  
  152  10:47  Pneumatized Carapace  
  152  10:54  Drone x2  
  152  10:55  Drone  
  155  11:05  Zerg Missile Weapons Level 3  
  149  11:26  Adaptive Talons  
  137  11:38  Hydralisk  
  137  11:39  Hydralisk x9  
  79  11:58  Hydralisk x6  
  91  12:17  Hatchery  
  90  12:25  Greater Spire  
  90  12:27  Lurker  
  90  12:28  Lurker x2  
  93  12:44  Zerg Ground Armor Level 2  
  93  13:27  Hydralisk x9  
  93  13:28  Hydralisk x5  
  97  13:49  Hydralisk x7  
  97  13:51  Zergling x32  
  97  13:52  Zergling x16  
  122  14:15  Adrenal Glands  
  86  14:41  Corruptor  
  86  14:42  Corruptor x4  
  68  15:01  Infestor  
  68  15:04  Corruptor x2  
  68  15:06  Drone  
  68  15:07  Drone x13  
  88  15:17  Spine Crawler  
  88  15:20  Spine Crawler  
  86  15:27  Zergling x4  
  86  15:28  Zergling x16  
  86  15:38  Zergling x12  
  80  16:00  Hydralisk x3  
  80  16:01  Hydralisk x10  
  80  16:15  Brood Lord  
  80  16:18  Hydralisk x5  
  78  16:19  Hydralisk  
Show
View Real Time Build Order
Export as new Build Order

tigro Terran 

Build Orders:  

Get SALT Encoding   

  12  0:14  SCV  
  13  0:22  Supply Depot  
  13  0:27  SCV  
  14  0:45  Supply Depot  
  14  0:53  SCV  
  14  0:55  Barracks  
  15  1:05  SCV  
  16  1:17  SCV  
  17  1:58  Marine  
  18  2:02  Refinery  
  18  2:03  Refinery  
  18  2:16  Marine  
  18  2:18  Engineering Bay  
  19  2:33  SCV  
  19  2:34  Marine  
  21  2:45  SCV  
  22  2:52  Marine  
  22  2:57  SCV  
  24  3:02  Factory  
  24  3:09  SCV  
  24  3:10  Marine  
  26  3:21  SCV  
  27  3:36  Barracks Tech Lab  
  27  3:43  Orbital Command  
  27  3:47  Factory Tech Lab  
  26  4:52  Siege Tank  
  29  4:55  Marine  
  30  5:13  Marine  
  31  5:31  Armory  
  31  5:34  Marine  
  31  5:35  Siege Tank  
  35  5:52  Marine  
  36  6:07  Siege Tank  
  39  6:34  Supply Depot  
  39  6:35  Command Center  
  39  6:55  Marine  
  39  6:56  Siege Tank  
  39  7:00  Supply Depot  
  43  7:23  Terran Infantry Weapons Level 1  
  43  7:28  Terran Vehicle Weapons Level 1  
  43  7:31  Marine  
  44  7:45  Starport  
  44  7:49  Marine  
  45  8:01  Refinery  
  45  8:02  SCV  
  46  8:06  Marine  
  47  8:14  SCV  
  48  8:24  Marine  
  48  8:25  Barracks  
  48  8:27  SCV  
  50  8:28  Refinery  
  50  8:31  Medivac  
  52  8:39  SCV  
  53  8:42  Marine  
  54  8:51  SCV  
  55  9:00  Marine  
  56  9:18  Marine, Terran Infantry Armor Level 1  
  56  9:22  Terran Vehicle And Ship Armor Level 1  
  57  9:36  Marine  
  57  10:30  Barracks Reactor  
  57  10:32  Stimpack  
  57  10:39  Starport Tech Lab  
  57  10:47  Marine  
  57  10:48  Fusion Core  
  58  10:53  SCV  
  59  11:05  Marine  
  59  11:06  SCV  
  52  11:12  Neosteel Armor  
  52  11:16  Terran Ship Weapons Level 1  
  52  11:18  SCV  
  53  11:23  Marine  
  54  11:30  SCV  
  55  11:41  Marine  
  55  11:42  SCV  
  57  11:59  Marine  
  58  12:05  Marine  
  58  12:06  Marine  
  60  12:12  Combat Shield  
  60  12:15  Weapon Refit  
  60  12:16  Missile Turret, Marine  
  61  12:22  Medivac  
  61  12:23  Marine  
  61  12:24  Marine  
  61  12:26  Thor  
  71  12:33  SCV  
  71  12:34  Marine  
  73  12:38  Missile Turret  
  73  12:41  Marine x2  
  75  12:45  SCV  
  75  12:50  Missile Turret  
  76  12:52  Marine, Hi-Sec Auto Tracking  
  76  12:53  Battlecruiser  
  76  12:57  SCV  
  84  12:59  Marine x2  
  84  13:01  Missile Turret  
  86  13:10  Terran Vehicle And Ship Armor Level 2  
  86  13:12  Marine  
  58  13:22  Missile Turret  
  58  13:23  Planetary Fortress  
  58  13:25  Marine x2  
  58  13:28  Thor  
  58  13:30  Marine  
  63  13:42  Marine  
  63  13:43  Marine  
  63  13:47  Marine  
  66  13:48  Terran Infantry Weapons Level 2  
  66  13:55  Rapid Reignition System  
  66  13:57  Battlecruiser  
  66  14:00  Marine  
  66  14:01  Marine  
  62  14:05  Marine  
  60  14:11  Thor  
  66  14:18  Marine  
  66  14:19  Marine  
  66  14:23  Marine  
  69  14:36  Marine x2  
  62  14:41  Marine  
  62  14:53  Thor  
  62  14:54  Marine x2  
  62  14:59  Marine  
  44  15:11  Marine  
  44  15:12  Marine  
  44  15:16  Marine  
  44  15:27  Battlecruiser  
  37  15:29  Marine  
  37  15:30  Marine  
  37  15:34  Marine  
  39  15:36  Thor  
  45  15:47  Marine  
  45  15:48  Marine  
  47  15:52  Marine  
  40  16:05  Marine x2  
  40  16:10  Marine  
  36  16:23  Marine x2  
  44  16:28  Marine  
Show
View Real Time Build Order
Export as new Build Order

TATORREA Protoss 

Build Orders:  

Get SALT Encoding   

  12  0:03  Probe  
  13  0:15  Probe  
  14  0:27  Probe  
  15  0:29  Pylon  
  15  0:47  Probe  
  16  0:54  Gateway  
  16  0:59  Probe  
  17  1:05  Assimilator  
  17  1:08  Pylon  
  17  1:11  Probe  
  18  1:23  Probe (Chrono Boost)  
  20  1:34  Probe (Chrono Boost)  
  20  1:39  Probe (Chrono Boost)  
  20  1:44  Assimilator  
  21  1:48  Gateway  
  21  1:53  Cybernetics Core  
  20  1:54  Probe  
  21  2:06  Probe  
  22  2:13  Pylon  
  22  2:20  Probe  
  23  2:30  Warp Gate  
  23  2:47  Nexus  
  23  2:50  Probe, Pylon  
  24  2:52  Pylon  
  24  3:03  Probe  
  25  3:09  Robotics Facility  
  25  3:15  Probe  
  26  3:27  Probe  
  27  3:34  Robotics Facility  
  27  3:39  Probe  
  28  3:51  Probe  
  29  3:57  Immortal  
  29  4:01  Probe  
  34  4:03  Probe  
  35  4:13  Probe  
  35  4:15  Probe  
  37  4:22  Observer  
  38  4:30  Stalker  
  38  4:31  Stalker  
  42  4:36  Immortal  
  46  4:38  Probe  
  46  4:39  Probe  
  48  4:51  Probe x2  
  50  4:53  Immortal  
  54  5:08  Probe x2  
  56  5:16  Immortal  
  56  5:20  Probe x2  
  62  5:25  Assimilator  
  62  5:29  Assimilator  
  62  5:31  Gateway  
  62  5:32  Probe x2  
  62  5:35  Gateway  
  64  5:38  Pylon  
  64  5:41  Pylon  
  64  5:44  Probe x2  
  66  5:50  Pylon  
  66  5:55  Immortal  
  70  6:01  Immortal  
  74  6:20  Nexus  
  74  6:22  Pylon  
  74  6:28  Stalker x2  
  78  6:45  Stalker x2  
  82  7:12  Immortal  
  82  7:13  Observer  
  87  7:28  Probe  
  87  7:29  Probe  
  89  7:33  Probe  
  90  7:38  Stalker  
  90  7:39  Stalker  
  90  7:41  Probe x2  
  90  7:44  Stalker  
  98  7:45  Probe  
  98  7:47  Assimilator  
  98  7:48  Stalker, Assimilator  
  98  7:51  Pylon, Gateway  
  101  7:53  Probe x2  
  101  7:54  Gateway  
  101  7:57  Probe  
  104  8:03  Stalker x2  
  104  8:05  Probe x2  
  110  8:09  Probe  
  111  8:14  Twilight Council  
  111  8:16  Forge  
  111  8:17  Probe x2, Forge  
  111  8:18  Forge  
  113  8:21  Probe  
  114  8:29  Probe x2  
  116  8:46  Immortal  
  120  9:13  Pylon, Nexus  
  120  9:16  Pylon  
  98  9:38  Protoss Ground Weapons Level 1 (Chrono Boost)  
  98  9:41  Probe x3  
  81  9:49  Pylon  
  81  9:50  Protoss Shields Level 1 (Chrono Boost), Protoss Ground Armor Level 1 (Chrono Boost)  
  76  9:53  Probe x3  
  76  9:54  Charge  
  79  10:05  Probe x3  
  82  10:17  Probe x3  
  84  10:29  Probe x2  
  84  10:30  Probe  
  84  10:35  Pylon  
  87  10:37  Pylon  
  87  10:41  Probe x2  
  87  10:42  Probe  
  90  10:53  Probe  
  90  10:54  Probe x2  
  90  10:55  Photon Cannon  
  93  11:00  Photon Cannon  
  93  11:05  Probe  
  93  11:06  Probe x2  
  96  11:17  Probe  
  96  11:18  Probe, Stalker x3  
  100  11:19  Stalker x3  
  110  11:25  Probe  
  110  11:28  Photon Cannon  
  110  11:30  Probe x2  
  110  11:32  Photon Cannon  
  113  11:38  Probe  
  114  11:42  Probe  
  115  11:47  Stalker x2  
  115  11:48  Stalker x2  
  123  11:55  Blink  
  123  11:56  Protoss Ground Weapons Level 2 (Chrono Boost)  
  123  12:01  Protoss Shields Level 2 (Chrono Boost)  
  123  12:04  Protoss Ground Armor Level 2 (Chrono Boost)  
  123  12:10  Probe x2  
  123  12:11  Probe  
  127  12:22  Probe  
  127  12:23  Probe x2  
  129  12:34  Probe  
  130  12:37  Probe x3  
  133  12:47  Probe  
  133  12:50  Probe x2  
  133  12:51  Probe  
  137  12:54  Stalker  
  137  12:56  Zealot x2  
  143  12:59  Probe  
  143  13:02  Probe  
  143  13:03  Probe  
  143  13:05  Assimilator  
  146  13:06  Probe  
  146  13:09  Assimilator  
  146  13:11  Probe  
  148  13:14  Probe, Templar Archives  
  103  13:47  Zealot x3  
  103  13:48  Zealot x3  
  71  14:10  Zealot x2  
  71  14:11  Zealot x4  
  81  14:22  Immortal x2  
  77  14:51  Gateway  
  77  14:58  Gateway  
  77  14:59  High Templar x2  
  81  15:00  High Templar x3  
  81  15:01  Observer  
  81  15:02  Gateway, Observer  
  81  15:03  Psionic Storm  
  81  15:05  Gateway  
  89  15:08  Pylon  
  89  15:11  Pylon  
  89  15:14  Pylon  
  89  15:19  Archon  
  89  15:20  Archon  
  89  15:21  Pylon  
  89  15:23  Pylon  
  89  15:26  Pylon  
  89  15:33  Stalker x3  
  89  15:34  Stalker x2  
  75  15:57  Stalker x2  
  75  15:58  Stalker x2  
  75  15:59  Stalker x3  
  85  16:05  Zealot  
  85  16:06  Zealot  
  81  16:24  High Templar  
  81  16:25  High Templar x5  
  81  16:26  High Templar x3  
  89  16:38  Archon x3  
  89  16:39  Archon  
Show
View Real Time Build Order
Export as new Build Order

Nidoking Terran 

Build Orders:  

Get SALT Encoding   

  12  0:01  SCV  
  13  0:13  SCV  
  14  0:26  SCV  
  15  0:29  Supply Depot  
  15  0:38  Refinery  
  15  0:41  Refinery  
  15  0:49  Engineering Bay  
  15  0:56  SCV  
  16  1:09  Barracks  
  16  1:13  SCV  
  17  1:28  SCV  
  18  1:46  SCV  
  19  1:54  Supply Depot  
  19  2:00  Ghost Academy, Marine  
  20  2:03  SCV  
  21  2:17  Barracks  
  21  2:26  Barracks Tech Lab  
  21  2:34  Orbital Command  
  21  2:47  Personal Cloaking  
  21  2:53  Marine  
  22  3:06  Barracks Tech Lab  
  22  3:13  Ghost  
  24  3:23  SCV  
  25  3:29  Ghost  
  27  3:39  Terran Infantry Weapons Level 1  
  27  3:44  Ghost Academy  
  27  3:49  SCV, Ghost  
  30  4:03  Marine  
  30  4:07  Supply Depot  
  31  4:28  Marine x2  
  31  4:30  Supply Depot  
  33  4:49  Factory  
  33  5:05  SCV  
  32  5:21  Command Center  
  32  5:34  Terran Infantry Armor Level 1  
  32  5:35  Stimpack  
  32  5:36  Combat Shield  
  32  5:40  Nuke x2  
  32  5:45  SCV  
  33  5:50  Marine x2  
  33  5:56  Barracks  
  35  5:57  Barracks  
  35  6:00  Barracks  
  35  6:03  Engineering Bay  
  35  6:05  Missile Turret  
  35  6:12  Marine  
  35  6:13  Ghost  
  36  6:37  Marine  
  35  6:44  Marine  
  36  6:49  Marine x3  
  39  6:54  Enhanced Shockwaves  
  39  7:05  Armory, Marine  
  40  7:13  Barracks Tech Lab  
  40  7:14  Barracks Tech Lab  
  40  7:15  Starport  
  40  7:23  Barracks Tech Lab  
  40  7:33  SCV  
  40  7:34  SCV  
  42  7:42  Marine x2  
  42  7:43  Marine x3  
  47  7:45  Factory Tech Lab  
  47  7:59  Medivac  
  47  8:00  Marine  
  50  8:07  Orbital Command  
  50  8:10  Refinery  
  50  8:21  Marine x2  
  50  8:22  Marine x3  
  50  8:23  Siege Tank  
  58  8:34  Supply Depot, Refinery  
  58  8:37  Supply Depot  
  58  8:39  Marine  
  59  8:51  Marine x2  
  59  8:55  Supply Depot, Ghost  
  63  9:06  Ghost, Marine  
  66  9:10  Nuke  
  66  9:13  Marine  
  67  9:26  Ghost, Marine  
  67  9:29  SCV  
  71  9:38  Starport Tech Lab  
  71  10:03  Marine x3  
  71  10:06  Ghost  
  74  10:09  Terran Infantry Weapons Level 2  
  74  10:28  Nuke  
  74  10:38  Marine x4  
  74  10:39  Marine  
  79  10:55  SCV  
  79  10:56  SCV  
  81  11:01  Marine  
  81  11:02  Marine  
  81  11:04  Terran Infantry Armor Level 2  
  83  11:11  Ghost Academy  
  83  11:13  Ghost Academy  
  83  11:14  Nuke  
  83  11:18  Marine x2  
  67  11:50  Liberator  
  67  11:51  Nuke  
  70  11:55  Marine x4  
  70  11:56  Marine  
  75  12:04  Nuke x2  
  75  12:10  SCV  
  75  12:11  SCV  
  75  12:13  Ghost, Marine x3  
  82  12:26  Marine  
  83  12:32  Supply Depot  
  83  12:34  Supply Depot  
  83  12:36  Supply Depot  
  83  12:38  Supply Depot  
  83  12:43  Ghost  
  83  12:44  Marine  
  86  12:53  Marine  
  86  12:55  Medivac  
  86  12:56  Marine x2  
  53  14:00  Nuke  
  53  14:07  Marine x3  
  53  14:08  Marine x2  
  45  14:25  Marine x4  
  45  14:26  Marine  
  48  14:43  Marine x5  
  49  15:01  Marine x5  
  54  15:18  Ghost x4  
  54  15:19  Ghost  
  60  15:47  Ghost x5, Orbital Command  
  67  16:07  Siege Tank  
  66  16:15  Ghost x3  
  66  16:16  Marine  
Show
View Real Time Build Order
Export as new Build Order

PigeonLeader Protoss 

Build Orders:  

Get SALT Encoding   

  12  0:01  Probe (Chrono Boost)  
  13  0:27  Pylon  
  13  0:29  Probe  
  14  0:41  Probe  
  15  0:51  Forge  
  15  0:53  Probe  
  16  1:10  Probe  
  17  1:19  Pylon  
  17  1:30  Probe  
  18  1:42  Probe  
  18  1:44  Photon Cannon  
  18  1:45  Assimilator  
  18  1:48  Gateway  
  18  1:56  Assimilator  
  18  2:05  Probe (Chrono Boost)  
  19  2:09  Nexus  
  19  2:18  Probe (Chrono Boost)  
  20  2:26  Probe (Chrono Boost)  
  20  2:29  Gateway  
  21  2:34  Probe  
  22  2:37  Pylon  
  22  2:52  Cybernetics Core  
  22  3:07  Gateway  
  22  3:11  Photon Cannon  
  22  3:12  Probe (Chrono Boost)  
  23  3:22  Probe (Chrono Boost)  
  24  3:40  Warp Gate (Chrono Boost)  
  24  3:45  Pylon, Assimilator x2  
  24  3:57  Probe  
  24  3:58  Twilight Council  
  24  4:00  Probe  
  26  4:12  Probe  
  26  4:13  Robotics Facility  
  26  4:15  Probe  
  28  4:26  Gateway  
  28  4:28  Probe x2  
  30  4:40  Probe  
  30  4:44  Charge (Chrono Boost)  
  30  4:45  Protoss Ground Weapons Level 1 (Chrono Boost)  
  31  4:56  Dark Shrine  
  31  4:58  Probe x2  
  33  5:10  Probe  
  34  5:14  Warp Prism  
  34  5:19  Probe  
  37  5:22  Probe  
  37  5:26  Zealot  
  40  5:35  Probe  
  41  5:36  Gateway  
  41  5:44  Zealot  
  41  5:45  Zealot  
  41  5:49  Zealot  
  47  6:07  Shadow Stride (Chrono Boost)  
  47  6:08  Probe x2  
  49  6:19  Gateway  
  49  6:22  Probe x2  
  49  6:23  Forge  
  52  6:26  Observer  
  52  6:56  Dark Templar  
  52  6:58  Dark Templar  
  46  7:03  Warp Prism  
  44  7:16  Zealot x5  
  54  7:27  Pylon  
  54  7:29  Pylon, Protoss Ground Weapons Level 2  
  54  7:31  Protoss Ground Armor Level 1  
  54  7:34  Blink  
  54  7:44  Probe (Chrono Boost)  
  54  7:46  Probe (Chrono Boost)  
  54  7:47  Pylon  
  54  7:49  Gateway  
  54  7:50  Shield Battery  
  56  7:53  Photon Cannon  
  56  7:54  Zealot  
  58  8:04  Nexus  
  58  8:16  Gateway  
  58  8:18  Photon Cannon  
  58  8:21  Shield Battery  
  58  8:22  Pylon, Zealot x3  
  58  8:24  Sentry  
  58  8:25  Sentry  
  68  8:27  Sentry  
  70  8:47  Zealot x4  
  78  8:49  Zealot x2  
  82  9:06  Zealot  
  82  9:09  Zealot x3  
  82  9:10  Zealot x2  
  82  9:13  Zealot  
  70  9:40  Dark Templar x5  
  70  9:41  Dark Templar  
  70  10:19  Zealot  
  70  10:20  Zealot x6  
  70  10:21  Zealot  
  84  10:26  Protoss Ground Weapons Level 3  
  84  10:28  Protoss Ground Armor Level 2  
  84  10:35  Observer (Chrono Boost)  
  85  10:48  Observer (Chrono Boost)  
  86  10:51  Assimilator  
  86  10:56  Assimilator  
  86  11:01  Pylon  
  86  11:02  Probe x3  
  89  11:04  Pylon  
  89  11:07  Observer  
  90  11:14  Probe  
  90  11:18  Probe x2  
  93  11:24  Nexus  
  93  11:25  Zealot x2  
  96  11:26  Probe, Sentry, Assimilator  
  96  11:27  Sentry  
  96  11:28  Assimilator  
  96  11:30  Pylon  
  101  11:34  Pylon  
  101  11:52  Sentry x4  
  101  11:53  Sentry  
  111  12:12  Gateway x2  
  111  12:15  Gateway  
  111  12:18  Zealot x3  
  111  12:19  Photon Cannon  
  111  12:20  Zealot, Gateway  
  119  12:24  Shield Battery  
  119  12:27  Photon Cannon  
  119  12:28  Photon Cannon, Observer (Chrono Boost)  
  120  12:32  Shield Battery  
  120  12:41  Observer (Chrono Boost)  
  121  12:44  Probe x2  
  121  12:45  Probe x2  
  125  12:52  Zealot x3  
  125  12:53  Zealot x4  
  125  12:55  Sentry  
  125  12:56  Probe  
  142  13:01  Observer  
  89  14:37  Zealot  
  89  14:38  Zealot x6  
  81  14:39  Zealot x2  
  81  14:40  Zealot x2  
  81  14:41  Zealot  
  93  15:00  Pylon  
  93  15:02  Pylon  
  92  15:28  Stalker x7  
  98  15:29  Stalker x5  
  98  15:34  Gateway  
  116  15:36  Gateway  
  116  15:39  Shield Battery  
  116  15:41  Shield Battery  
  99  16:00  Zealot x4  
  99  16:01  Zealot x5  
  99  16:02  Zealot x2  
  99  16:03  Zealot  
  119  16:19  Gateway  
  119  16:21  Gateway  
  119  16:28  Pylon  
  119  16:31  Pylon  
Show
View Real Time Build Order
Export as new Build Order

KodalyViking Terran 

Build Orders:  

Get SALT Encoding   

  12  0:00  SCV  
  13  0:15  SCV  
  14  0:27  SCV  
  14  0:28  Supply Depot  
  15  0:41  Supply Depot  
  15  0:49  SCV  
  16  0:54  Barracks  
  16  1:04  SCV  
  17  1:08  Barracks  
  17  1:17  SCV  
  18  1:20  Refinery  
  18  1:29  SCV  
  19  1:41  SCV  
  20  1:54  Supply Depot  
  20  1:58  Barracks  
  20  2:04  Barracks  
  20  2:05  Supply Depot  
  20  2:07  Marine  
  21  2:08  Marine  
  22  2:21  SCV  
  23  2:31  Supply Depot, Marine x2  
  23  2:35  SCV  
  26  2:47  Barracks Tech Lab  
  26  2:53  Factory  
  26  2:54  Barracks Tech Lab  
  26  3:05  Refinery  
  26  3:06  Orbital Command  
  26  3:15  Marauder  
  26  3:16  Marine  
  29  3:28  Engineering Bay  
  29  3:33  Barracks Tech Lab  
  29  3:37  Marauder  
  31  3:43  Concussive Shells  
  31  3:51  SCV  
  32  3:55  Factory Tech Lab  
  32  4:00  Marine  
  32  4:02  Marauder x2  
  37  4:07  Marauder  
  39  4:22  Refinery  
  39  4:29  Refinery  
  39  4:33  Combat Shield  
  39  4:35  Stimpack  
  39  4:53  Command Center  
  39  4:58  Siege Tank  
  42  5:13  Marine  
  42  5:14  Marine x2  
  45  5:18  Barracks Reactor  
  45  5:21  SCV  
  46  5:36  Factory  
  46  5:46  SCV  
  47  5:50  Siege Tank  
  47  5:52  Marine  
  47  5:53  Marauder  
  47  5:54  Marauder  
  55  6:02  Supply Depot  
  55  6:04  Supply Depot, Marine x2  
  57  6:11  Supply Depot  
  57  6:18  Marauder  
  59  6:19  Marauder  
  61  6:37  Factory Tech Lab  
  61  6:54  Orbital Command  
  61  7:08  Starport  
  61  7:13  Starport  
  61  7:14  Siege Tank  
  61  7:15  Siege Tank  
  67  7:35  Missile Turret  
  67  7:37  Missile Turret  
  67  7:40  Supply Depot  
  67  7:42  SCV x2  
  69  7:50  Starport Reactor x2  
  69  7:56  Supply Depot  
  69  8:07  Marine  
  69  8:08  Marine  
  69  8:09  Marauder, Starport  
  69  8:10  Marine  
  74  8:26  SCV x2  
  76  8:39  SCV x2  
  78  8:42  Marine  
  78  8:43  Marine  
  78  8:45  Liberator  
  83  8:48  Liberator  
  83  8:51  Liberator  
  89  8:57  Liberator  
  89  8:59  Starport Tech Lab  
  92  9:24  Raven  
  94  9:40  Liberator  
  94  9:41  Liberator  
  94  9:42  Liberator  
  103  9:55  Command Center  
  103  10:07  Medivac x2  
  107  10:21  SCV  
  107  10:22  SCV  
  109  10:35  Fusion Core  
  109  10:41  Supply Depot x2  
  109  11:20  Marine x5  
  103  11:37  Marine  
  103  11:38  Marine x4  
  86  11:53  Orbital Command  
  86  11:55  SCV x2, Marine x2  
  86  11:56  Marine x3  
  93  12:04  Siege Tank  
  93  12:05  Siege Tank  
  93  12:07  Battlecruiser  
  105  12:11  Liberator  
  105  12:12  Liberator x2  
  114  12:18  Refinery  
  114  12:22  SCV  
  115  12:23  SCV x2  
  117  12:33  Marine x2  
  117  12:34  Marauder  
  117  12:35  Marauder x2  
  125  12:39  Siege Tank  
  128  12:51  Marine  
  128  12:52  Marine  
  128  12:56  Marauder x3  
  136  13:10  Raven  
  135  13:17  Marauder x2  
  135  13:18  Marauder  
  107  13:43  Liberator x2  
  107  13:45  Liberator x2  
  107  13:46  Marine x2  
  107  13:47  Marine x3  
  124  13:57  Siege Tank  
  124  13:58  Siege Tank  
  130  14:04  Marine x3  
  130  14:05  Marine x2  
  135  14:22  Marine  
  116  15:01  Marine  
  116  15:02  Marine x4  
  121  15:08  Liberator x3  
  121  15:09  Liberator  
  121  15:11  Battlecruiser  
  137  15:19  Marine x2  
  119  16:02  Marauder  
  119  16:03  Marauder x2  
  123  16:05  Marine x2  
  131  16:22  Marine  
  131  16:23  Marine  
  131  16:24  Marauder x2  
  131  16:25  Marauder  
Tags
 
Add a new tag
Caveats
  • Supply blocks, unpowered buildings, or Contaminate may cause inaccurate times.
  • Supply counts are checked every 10 seconds.